Construct Infanterie Kompanie
Selects Terror Battlegroup
Selects Machine Gun Camouflage
Construct Panzergrenadier Kompanie
Pak 40 Anti-tank Gun Team
Nebelwerfer 42 Rocket Launcher Team
Nebelwerfer 42 Rocket Launcher Team
Selects Defend the Fatherland
Nebelwerfer 42 Rocket Launcher Team
Panzergrenadier Officer Quarters
Selects King Tiger Heavy Tank
Infanterie Officer Quarters
Selects Contempt for the Weak
Pak 40 Anti-tank Gun Team
Pak 40 Anti-tank Gun Team